 Dungeon Crawl Stone Soup version 0.22-b1-26-g9dbaab1 (webtiles) character file.

5557 poirepourri the Fighter (level 10, -4/71 HPs)
             Began as a Gargoyle Fighter on Aug 8, 2018.
             Was a Believer of Cheibriados.
             Slain by a troll (10 damage)
             ... on level 9 of the Dungeon.
             The game lasted 00:12:01 (9544 turns).

poirepourri the Fighter (Gargoyle Fighter)          Turns: 9544, Time: 00:12:02

Health: -4/71      AC: 18    Str: 24    XL:     10   Next: 71%
Magic:  7/10       EV:  7    Int: 13    God:    Cheibriados [**....]
Gold:   219        SH: 10    Dex: 18    Spells: 9/9 levels left

rFire    . . .     SeeInvis .   a - +4 flail
rCold    . . .     Gourm    .   c - +0 shield
rNeg     + . .     Faith    .   k - +1 scale mail of the Forest {MR+ Dex+2 Stlth+} (curse)
rPois    ∞         Spirit   .   u - +0 helmet
rElec    +         Reflect  .   t - +0 cloak (curse)
rCorr    +         Harm     .   d - +0 pair of gloves
MR       +....                  (no boots)
Stlth    +.........             (no amulet)
HPRegen  0.21/turn              g - ring of resist corrosion
MPRegen  0.12/turn              (no ring)

@: very slow
A: negative energy resistance 1, electricity resistance, unbreathing,
petrification resistance, rot immunity, AC +7
a: Bend Time, Renounce Religion


You were on level 9 of the Dungeon.
You worshipped Cheibriados.
Cheibriados was pleased with you.
You were not hungry.

You visited 2 branches of the dungeon, and saw 11 of its levels.
You also visited: Sewer.

You collected 532 gold pieces.
You spent 313 gold pieces at shops.

Inventory:

Hand Weapons
 a - a +4 flail (weapon)
 b - a +3 hand crossbow of flaming
Missiles
 j - 6 steel javelins (quivered)
 m - 15 bolts
 n - a throwing net
 p - 15 tomahawks
 s - 11 javelins
Armour
 c - a +0 shield (worn)
 d - a +0 pair of gloves (worn)
 k - the cursed +1 scale mail of the Forest (worn) {MR+ Dex+2 Stlth+}
   (You found it on level 4 of the Dungeon)

   It affects your dexterity (+2).
   It affects your resistance to hostile enchantments.
   It makes you more stealthy.
   It has a curse placed upon it.
 t - a cursed +0 cloak (worn)
 u - a +0 helmet (worn)
Jewellery
 g - a ring of resist corrosion (left hand)
Scrolls
 e - a scroll of amnesia
 l - 4 scrolls of remove curse
 r - 2 scrolls of fog
Potions
 i - a potion of flight
 o - 2 potions of mutation
 q - 2 potions of brilliance


   Skills:
 + Level 12.3 Fighting
 - Level 11.1 Maces & Flails
 - Level 3.2 Armour
 - Level 3.2 Shields


You had 9 spell levels left.
You didn't know any spells.
Your spell library contained the following spells:

 Spells                   Type           Power        Failure   Level  Hunger
 Lightning Bolt           Conj/Air       #.........   100%        5    ######.
 Shock                    Conj/Air       #...         98%         1    ##.....
 Swiftness                Chrm/Air       #.......     99%         2    ###....
 Deflect Missiles         Chrm/Air       #.........   100%        6    #######
 Airstrike                Air            #.........   100%        4    #####..
 Silence                  Hex/Air        #.........   100%        5    ######.
 Static Discharge         Conj/Air       #.......     100%        3    ####...
 Conjure Ball Lightning   Conj/Air       #.........   100%        6    #######
 Tornado                  Air            #.........   100%        9    #######
 Summon Lightning Spire   Summ/Air       #.......     100%        4    #####..


Dungeon Overview and Level Annotations

Branches:
Dungeon (10/15)            Temple (1/1) D:5            Lair (0/6) D:9
    Orc: D:9-12

Altars:
Ashenzari
Cheibriados
Dithmenos
Elyvilon
Fedhas
Gozag
Hepliaklqana
Kikubaaqudgha
Makhleb
Nemelex Xobeh
Okawaru
Qazlal
Ru
Sif Muna
Trog
Uskayaw
Vehumet
Wu Jian
Xom
Yredelemnul
Zin
The Shining One

Shops:
D:7 *   D:8 (


Innate Abilities, Weirdness & Mutations

You are resistant to torment.
Your stone body is resilient. (AC +7)
You are immune to poison.
You resist negative energy. (rN+)
You are resistant to electric shocks. (rElec)
You can survive without breathing.
You are immune to petrification.
You are immune to rotting.


Message History

The troll claws you but does no damage.
You hit the troll.
The troll is severely wounded.
You block the troll's attack.
The troll claws you but does no damage. x2
The gnoll sergeant closely misses you.
You feel better.
The gnoll sergeant hits you but does no damage.
You block the troll's attack. The troll barely misses you. The troll claws you.
* * * LOW HITPOINT WARNING * * *
Your shield prevents you from hitting the troll.
The troll is severely wounded.
You block the troll's attack. The troll claws you!
* * * LOW HITPOINT WARNING * * *
The troll claws you but does no damage.
The gnoll sergeant hits you but does no damage.
You completely miss the troll.
The troll is severely wounded.
The gnoll sergeant hits you but does no damage.
The troll bites you!
You die...

........)<...........
.#..##............###.#....
.........##.#..)..# #.#....
.......# #.#..#### #.#####
..... . #..# #.# ### ....
.. #..## #.# #.. #.. ##
#.†.#####.# #..
#..######.)....##.# #..
#.....@.#gTg#########..
#.#####T#..... ....... #
.g...### #.... # .#.#
.....# #.... #...........
......# #.... .....#......
.......# #.... #...:......
........# ###.. ..........
......# #..## )%......#
.......#######..#


You could see a troll and a gnoll sergeant.

Vanquished Creatures
  Harold (D:7)
  A two-headed ogre (D:8)
  Grinder (D:4)
  A hornet (D:9)
  2 hippogriffs
  5 yaks (D:8)
  An orc warrior (D:7)
  A sky beast (D:5)
  A black bear (D:9)
  2 ice beasts (D:9)
  A necrophage (D:7)
  3 phantoms
  3 ogres
  A centaur (D:7)
  Blork the orc (D:4)
  A big kobold (D:9)
  2 bullfrogs (Sewer)
  3 gnoll sergeants (D:9)
  A scorpion (D:7)
  4 howler monkeys
  6 crimson imps
  2 hounds
  2 orc priests
  A jelly (D:8)
  3 iguanas
  4 orc wizards
  3 worker ants
  A killer bee zombie (D:9)
  A hound skeleton (D:4)
  A worker ant zombie (D:6)
  3 gnolls (D:7)
  9 adders
  A shadow imp (D:6)
  10 oozes
  An adder skeleton (D:5)
  5 worms
  3 dart slugs
  14 leopard geckos
  27 orcs
  9 bats
  13 giant cockroaches
  6 goblins
  8 hobgoblins
  10 jackals
  9 kobolds
  7 quokkas
  13 ball pythons
  A ball python skeleton (D:4)
  14 frilled lizards
  A jackal skeleton (D:4)
  10 rats
234 creatures vanquished.

Notes
Turn   | Place    | Note
-------+----------+-------------------------------------------
     0 | D:1      | poirepourri the Gargoyle Fighter began the quest for the Orb.
     0 | D:1      | Reached XP level 1. HP: 14/14 MP: 1/1
   229 | D:1      | Reached XP level 2. HP: 19/19 MP: 2/2
   690 | D:1      | Reached XP level 3. HP: 19/23 MP: 3/3
   837 | D:2      | Found a hazy altar of Hepliaklqana.
  1419 | D:2      | Reached XP level 4. HP: 28/28 MP: 4/4
  1839 | D:3      | Found a glowing drain.
  1874 | Sewer    | Entered a sewer
  2009 | Sewer    | Reached skill level 5 in Maces & Flails
  2025 | Sewer    | Reached XP level 5. HP: 21/32 MP: 5/5
  2563 | Sewer    | Reached XP level 6. HP: 33/37 MP: 6/6
  3254 | D:4      | Noticed a phantom
  3284 | D:4      | Killed a phantom
  3284 | D:4      | Reached XP level 7. HP: 27/41 MP: 7/7
  3494 | D:4      | Noticed Grinder
  3521 | D:4      | Killed Grinder
  3620 | D:4      | Got a pitted scale mail
  3632 | D:4      | Identified the cursed +1 scale mail of the Forest {MR+ Dex+2 Stlth+} (You found it on level 4 of the Dungeon)
  3711 | D:4      | Noticed Blork the orc
  3731 | D:4      | Killed Blork the orc
  3859 | D:4      | Reached XP level 8. HP: 31/46 MP: 8/8
  4213 | D:5      | Entered Level 5 of the Dungeon
  4374 | D:5      | Found a staircase to the Ecumenical Temple.
  4523 | D:5      | Found a shadowy altar of Dithmenos.
  4783 | D:5      | Reached skill level 10 in Maces & Flails
  4877 | D:5      | Found a stormy altar of Qazlal.
  4877 | D:5      | Found a shimmering altar of Xom.
  5900 | D:7      | Found Exze's Assorted Antiques.
  5903 | D:7      | Bought a metallic silvery potion for 27 gold pieces
  5903 | D:7      | Bought a scroll labeled TIPHIFEXZUIM for 30 gold pieces
  5946 | D:7      | Found a sparkling altar of Nemelex Xobeh.
  6068 | D:7      | Reached XP level 9. HP: 51/51 MP: 9/9
  6185 | D:7      | Reached skill level 4 in Fighting
  6392 | D:7      | Reached skill level 5 in Fighting
  6397 | D:7      | Noticed Harold
  6411 | D:7      | Killed Harold
  6411 | D:7      | Reached skill level 7 in Fighting
  6925 | D:7      | Found a white marble altar of Elyvilon.
  7461 | D:8      | Reached skill level 8 in Fighting
  7618 | Temple   | Entered the Ecumenical Temple
  7813 | Temple   | Became a worshipper of Cheibriados the Contemplative
  8050 | D:8      | Reached skill level 9 in Fighting
  8061 | D:8      | Reached XP level 10. HP: 47/66 MP: 10/10
  8069 | D:8      | Reached skill level 10 in Fighting
  8447 | D:10     | Entered Level 10 of the Dungeon
  8536 | D:9      | Found a staircase to the Lair.
  8539 | D:9      | Reached * piety under Cheibriados
  8710 | D:9      | Reached skill level 11 in Fighting
  8803 | D:8      | Found Seixuylu's Weapon Emporium.
  9063 | D:8      | Bought a +3 hand crossbow of flaming for 256 gold pieces
  9101 | D:8      | Noticed a two-headed ogre
  9111 | D:8      | Killed a two-headed ogre
  9111 | D:8      | Reached skill level 12 in Fighting
  9304 | D:8      | Found a glowing golden altar of the Shining One.
  9307 | D:8      | Found an opulent altar of Gozag.
  9307 | D:8      | Found a deep blue altar of Sif Muna.
  9515 | D:9      | Reached ** piety under Cheibriados
  9544 | D:9      | Slain by a troll

Skill      XL: |  1  2  3  4  5  6  7  8  9 10 |
---------------+-------------------------------+-----
Maces & Flails | 3 4 5 6 7 9 11 | 11.1
Fighting       | 9 12 | 12.3
Armour         | |  3.2
Shields        | |  3.2

Action                   |  1- 3 |  4- 6 |  7- 9 | 10-12 || total
-------------------------+-------+-------+-------+-------++-------
Melee: Flail             |   148 |   292 |   334 |   148 ||   922
 Fire: Hand crossbow     |       |       |       |     9 ||     9
Invok: Bend Time         |       |       |       |     1 ||     1
Evoke: Wand              |       |       |       |     7 ||     7
  Use: Scroll            |       |     6 |    16 |     4 ||    26
       Potion            |       |     2 |     6 |     4 ||    12
  Eat: Ration            |     1 |     1 |     4 |     1 ||     7
       Chunk             |       |     2 |     1 |     2 ||     5
Armor: Scale mail        |    91 |   207 |   161 |   122 ||   581
       Chain mail        |       |       |    14 |       ||    14
       Skin              |       |       |     1 |     2 ||     3
Dodge: Dodged            |    61 |   127 |    74 |    56 ||   318
Block: Shield            |    93 |   189 |   136 |   100 ||   518
